 Dungeon Crawl Stone Soup version 0.31.0-11-ge490571c62 (webtiles) character file.

Game seed: 13464467583903626944

67 qw the Shooter (level 3, 0/18 HPs)
             Began as a Spriggan Hunter on Feb 3, 2024.
             Succumbed to their own poison gas
             ... on level 2 of the Dungeon.
             The game lasted 00:00:06 (1897 turns).

qw the Shooter (Spriggan Hunter)                    Turns: 1897, Time: 00:00:07

Health: 0/18       AC:  2    Str:  7    XL:     3   Next: 98%
Magic:  4/4        EV: 19    Int: 10    God:
Gold:   110        SH:  0    Dex: 20    Spells: 2/2 levels left

rFire   . . .        a - +1 shortbow
rCold   . . .        (shield currently unavailable)
rNeg    . . .        c - +0 robe
rPois   .            (helmet restricted)
rElec   .            (no cloak)
rCorr   .            (gloves unavailable)
SInv    +            (boots unavailable)
Will    .....        (no amulet)
Stlth   ++           (no ring)
HPRegen 0.23/turn    (no ring)
MPRegen 0.09/turn

%: no passive effects
@: lethally poisoned (0 -> -6), very quick
A: very small, no large weapons, unfitting armour, see invisible, speed 3
a: no special abilities


You were on level 2 of the Dungeon.
You visited 1 branch of the dungeon, and saw 2 of its levels.

You collected 110 gold pieces.


Innate Abilities, Weirdness & Mutations

You are very small and have problems with some larger weapons.
You are too small for most types of armour.
You have supernaturally acute eyesight. (SInv)
You cover ground extremely quickly. (Speed+++)


   Skills:
 - Level 1.5 Fighting
 - Level 5.0 Ranged Weapons
 + Level 4.2 Dodging
 - Level 1.5 Stealth


You had 2 spell levels left.
You didn't know any spells.
Your spell library was empty.

Inventory:

Hand Weapons
 a - a +1 shortbow (weapon)
Armour
 c - a +0 robe (worn)
Scrolls
 b - a scroll of enchant armour
Potions
 d - a potion of heal wounds
 f - a potion of curing {unknown}
 h - a potion of cancellation {unknown}
 j - a potion of magic {unknown}
 k - a potion of enlightenment {unknown}

Dungeon Overview and Level Annotations

Branches:
Dungeon (2/15)

Altars:


Message History

It is a scroll of identify.
1889 ||| IDENTIFYING fizzy ruby potion;
d - a potion of heal wounds Done exploring.
1890 ||| READING scroll labelled MIOXE IR WIA.
The air fills with toxic fumes!
As you read the scroll labelled MIOXE IR WIA, it crumbles to dust.
It was a scroll of poison.
Done exploring.
What level of the Dungeon? (default 2, ? - help) Sorry, I don't know how to get there.
Enter note:
Enter note:
Enter note:
Enter note:
Enter note:
Enter note:
Enter note:
Enter note:
Enter note:
Enter note:
Enter note:
Enter note:
Enter note:
Enter note:
Enter note: You are engulfed in poison gas.
You are lethally poisoned!
You feel very sick.
1892 ||| Stepping ~*~*~tactically~*~*~ (cloud).
You feel very sick.
There is a lethal amount of poison in your body!
You feel very sick.
There is a lethal amount of poison in your body!
You feel very sick.
There is a lethal amount of poison in your body!
You feel sick.
There is a lethal amount of poison in your body!
You feel sick.
There is a lethal amount of poison in your body!
You die...

#...........###..##..##
#.#########.# ##.##..#
#.# #.# #..#..#
#.#########.#####.#..##
#...[..................
###########.#####.##.##
#.#####.##.##
############0¤0.....#.##
#¤0¤¤¤0@¤¤000¤¤.........
########0¤¤¤0¤¤.........
#¤¤##0¤¤.....#.#.
#########00¤...¤.........
#........¤¤0#.#####..#.#.
#........0¤¤¤........#.#.
#........¤¤¤¤0.........#.
#........¤0¤#¤¤........##
#........................


There were no monsters in sight!

Vanquished Creatures
  An adder (D:2)
  5 dart slugs (D:2)
  A ribbon worm (D:2)
  7 ball pythons
  4 bats
  2 endoplasms
  A giant cockroach (D:1)
  3 goblins
  3 hobgoblins (D:2)
  5 jackals (D:2)
  3 kobolds
  2 frilled lizards (D:1)
  6 rats
43 creatures vanquished.

Notes
Turn   | Place    | Note
-------+----------+-------------------------------------------
     0 | D:1      | qw the Spriggan Hunter began the quest for the Orb.
     0 | D:1      | Reached XP level 1. HP: 10/10 MP: 2/2
     0 | D:1      | 0 ||| qw: Version: 0.3-a-157-g843a77d
     0 | D:1      | 0 ||| qw: Game counter: 3838
     0 | D:1      | 0 ||| qw: Melee chars always use a shield: true
     0 | D:1      | 0 ||| qw: God list: Okawaru
     0 | D:1      | 0 ||| qw: Allow faded altars: false
     0 | D:1      | 0 ||| qw: Do Orc after clearing Dungeon:15 true
     0 | D:1      | 0 ||| qw: Do second Lair branch before Depths: true
     0 | D:1      | 0 ||| qw: Lair rune preference: random
     0 | D:1      | 0 ||| qw: Goals: Normal
     0 | D:1      | 0 ||| PLANNING D:1-11
    29 | D:1      | Reached skill level 3 in Dodging
   141 | D:1      | Found a faded altar of an unknown god.
   157 | D:1      | Reached XP level 2. HP: 14/14 MP: 3/3
   896 | D:1      | 896 ||| READING scroll labelled NIUPRI XERGHAWU.
   927 | D:1      | 927 ||| READING scroll labelled HYADUM EF GUH.
   938 | D:1      | 938 ||| READING scroll labelled VITATIGOTO.
   939 | D:1      | 939 ||| READING 2 scrolls labelled UCASEO MOAKK.
   964 | D:1      | 964 ||| READING scroll labelled ITHREI JENIDAC.
  1068 | D:1      | 1068 ||| READING scroll labelled GIASYL HIUSOXI.
  1069 | D:1      | 1069 ||| DROPPING scroll of butterflies.
  1070 | D:1      | 1070 ||| DROPPING scroll of blinking.
  1155 | D:2      | 1155 ||| FLEEEEING.
  1156 | D:2      | 1156 ||| FLEEEEING.
  1157 | D:2      | 1157 ||| FLEEEEING.
  1158 | D:2      | 1158 ||| FLEEEEING.
  1159 | D:2      | 1159 ||| FLEEEEING.
  1160 | D:2      | 1160 ||| FLEEEEING.
  1161 | D:2      | 1161 ||| FLEEEEING.
  1162 | D:2      | 1162 ||| FLEEEEING.
  1163 | D:2      | 1163 ||| FLEEEEING.
  1164 | D:2      | 1164 ||| FLEEEEING.
  1165 | D:2      | 1165 ||| FLEEEEING.
  1166 | D:2      | 1166 ||| FLEEEEING.
  1167 | D:2      | 1167 ||| FLEEEEING.
  1168 | D:2      | 1168 ||| FLEEEEING.
  1170 | D:2      | 1170 ||| FLEEEEING.
  1171 | D:2      | 1171 ||| FLEEEEING.
  1266 | D:2      | Reached XP level 3. HP: 18/18 MP: 4/4
  1554 | D:2      | Reached skill level 5 in Ranged Weapons
  1887 | D:2      | 1887 ||| READING 2 scrolls labelled ARRAID IWIKHU.
  1887 | D:2      | 1887 ||| ENCHANTING +0 shortbow.
  1888 | D:2      | 1888 ||| READING scroll labelled BORCHE FORHIKAI.
  1888 | D:2      | 1888 ||| ENCHANTING +0 shortbow.
  1889 | D:2      | 1889 ||| READING scroll labelled XASKISM PAGUL.
  1889 | D:2      | 1889 ||| IDENTIFYING fizzy ruby potion
  1890 | D:2      | 1890 ||| READING scroll labelled MIOXE IR WIA.
  1892 | D:2      | 1892 ||| Stepping ~*~*~tactically~*~*~ (cloud).
  1895 | D:2      | HP: 3/18 [poisoned by you (poison gas)]
  1897 | D:2      | Succumbed to their own poison gas

Levels and vault maps discovered:
D:1:      psy_arrival_radial02, layout_loops_ring,
          nicolae_ecumenical_snake_handling
D:2:      layout_basic

Skill      XL: |  1  2  3 |
---------------+----------+-----
Dodging        | 3 4 |  4.2
Ranged Weapons | 5 |  5.0
Fighting       | |  1.5
Stealth        | |  1.5

Action                     || total
---------------------------++-------
   Fire: Shortbow          ||   126
    Use: Scroll            ||    10
 Armour: Robe              ||    14
  Dodge: Dodged            ||    32

Table legend:
 A = Non-vault XP
 B = Vault XP
 C = Vault XP percentage of total XP
 D = Non-vault monster count
 E = Vault monster count
 F = Vault count percentage of total count
                 A         B        C        D         E       F
            +---------+---------+-------+---------+---------+-------
      Total |      91 |       5 |   5.2 |      40 |       3 |   7.0
            +---------+---------+-------+---------+---------+-------
        D:1 |      21 |       5 |  19.2 |      14 |       3 |  17.6
        D:2 |      70 |       0 |   0.0 |      26 |       0 |   0.0
            +---------+---------+-------+---------+---------+-------
